 Dungeon Crawl Stone Soup version 0.31.0-12-g77e489cdc1 (webtiles) character file.

Game seed: 5553770933131827476

4159 Frankenspoon the Caller (level 10, -9/71 HPs)
             Began as an Octopode Brigand on Mar 6, 2024.
             Was an Initiate of Gozag.
             Mangled by Breakbloom's ghost (16 damage)
             ... on level 8 of the Dungeon.
             The game lasted 00:15:09 (9775 turns).

Frankenspoon the Caller (Octopode Brigand)          Turns: 9775, Time: 00:15:11

Health: -9/71      AC:  1    Str: 10    XL:     10   Next: 28%
Magic:  0/17       EV: 13    Int: 20    God:    Gozag
Gold:   483        SH:  0    Dex: 14    Spells: 12/19 levels left

rFire   + . .        l - +7 mace "Vuiwkum" {elec, Int+2}
rCold   . . .        (no shield)
rNeg    . . .        (helmet restricted)
rPois   .            n - amulet of guardian spirit
rElec   .            F - ring of protection from fire
rCorr   .            Y - +4 ring of slaying
SInv    .            (no ring)
Will    .....        (no ring)
Stlth   ++++         (no ring)
HPRegen 0.31/turn    (no ring)
MPRegen 0.15/turn    (no ring)
                     (no ring)

%: guardian spirit
@: mighty
A: almost no armour, amphibious, 8 rings, camouflage 1, gelatinous body 1,
(nimble swimmer 1), tentacles
a: Renounce Religion, Potion Petition, Call Merchant, Bribe Branch


You were on level 8 of the Dungeon.
You worshipped Gozag.
Gozag was aware of your devotion.
You visited 2 branches of the dungeon, and saw 9 of its levels.

You collected 858 gold pieces.
You spent 325 gold pieces at shops.
You paid 50 gold pieces to Gozag.


Innate Abilities, Weirdness & Mutations

You cannot wear most types of armour.
You are amphibious.
You can wear up to eight rings at the same time.
Your skin changes colour to match your surroundings (Stealth+).
Your rubbery body absorbs attacks. (AC +1, EV +1)
((You are camouflaged when in or above water. (Stealth+)))
You have tentacles for arms and can constrict up to eight enemies at once.


   Skills:
 - Level 7.0 Fighting
 - Level 2.0 Short Blades
 - Level 2.0 Throwing
 - Level 2.0 Dodging
 - Level 5.3 Stealth
 + Level 3.0 Unarmed Combat
 - Level 5.0 Spellcasting
 + Level 7.9 Summonings
 - Level 1.0 Ice Magic
 - Level 4.0 Air Magic
 + Level 5.5 Shapeshifting


You had 12 spell levels left.
You knew the following spells:

 Your Spells              Type           Power      Damage    Failure   Level
b - Summon Ice Beast      Ice/Summ       22%        N/A       5%          3
l - Summon Lightning Spi  Summ/Air       28%        N/A       10%         4

Your spell library contained the following spells:

 Spells                   Type           Power      Damage    Failure   Level
 Freeze                   Ice            36%        1d5       8%          1
 Foxfire                  Conj/Fire      20%        2x1d5     12%         1
 Necrotise                Necr           20%        1d5       12%         1
 Sting                    Conj/Alch      20%        1d4       12%         1
 Lesser Beckoning         Tloc           10%        N/A       17%         2
 Frozen Ramparts          Ice            18%        1d3       22%         3
 Ozocubu's Armour         Ice            9%         N/A       22%         3
 Martyr's Knell           Necr/Summ      20%        N/A       22%         4
 Hailstorm                Conj/Ice       7%         3d5       28%         3
 Fugue of the Fallen      Necr           5%         N/A       34%         3
 Gell's Gravitas          Tloc           5%         N/A       34%         3
 Teleport Other           Tloc           5%         N/A       34%         3
 Vampiric Draining        Necr           5%         2d6       34%         3
 Flame Wave               Conj/Fire      5%         2d5       75%         4
 Manifold Assault         Tloc           5%         N/A       75%         4
 Curse of Agony           Necr           5%         N/A       97%         5
 Lee's Rapid Deconstruct  Erth           2%         3d5*      97%         5
 Sculpt Simulacrum        Ice/Alch       3%         N/A       100%        6
 Ignition                 Fire           2%         3d3       100%        8
 Chain Lightning          Conj/Air       6%         3d8       100%        9
 Fire Storm               Conj/Fire      2%         8d1       100%        9
 Shatter                  Erth           2%         3d6*      100%        9
 Animate Armour           Summ/Erth      Unusable   N/A       N/A         4

Inventory:

Hand Weapons
 a - a +2 dagger
 l - the +7 mace "Vuiwkum" (weapon) {elec, Int+2}
   (You took it off an orc on level 2 of the Dungeon)

   Int+2:     It affects your intelligence (+2).
Missiles
 b - 17 poisoned darts (quivered)
 c - 3 curare-tipped darts {=f}
 z - 5 darts of dispersal {=f}
Armour
 p - a +0 kite shield
Jewellery
 n - an amulet of guardian spirit (around mantle)
 F - a ring of protection from fire (left tentacle)
 Y - a +4 ring of slaying (right tentacle)
Talismans
 d - a granite talisman
 x - a blade talisman
 y - a flux talisman
Wands
 s - a wand of digging (6)
Scrolls
 e - 2 scrolls of enchant armour {unknown}
 f - a scroll of revelation {unknown}
 k - 2 scrolls of enchant weapon {unknown}
 o - a scroll of teleportation {unknown}
 r - 2 scrolls of poison {unknown}
 t - a scroll of immolation {unknown}
 v - a scroll of noise {unknown}
 A - a scroll of identify {@r1}
Potions
 g - a potion of resistance
 i - a potion of might
 j - 4 potions of mutation
 m - 3 potions of magic
 q - 2 potions of enlightenment
 u - a potion of berserk rage {unknown}
 w - a potion of heal wounds {unknown}

Dungeon Overview and Level Annotations

Branches:
Dungeon (8/15)             Temple (1/1) D:5
   Lair: D:8-11

Altars:
Ashenzari
Dithmenos
Elyvilon
Fedhas
Gozag
Hepliaklqana
Kikubaaqudgha
Makhleb
Nemelex Xobeh
Okawaru
Qazlal
Ru
Sif Muna
Trog
Uskayaw
Vehumet
Wu Jian
Xom
Yredelemnul
Zin
The Shining One

Shops:
D:2 *(!*   D:8 *

Annotations:
D:8 Breakbloom's ghost, novice VSFi

8.▒.▒.8.8.▒#...........#..###.##.
..▒.▒..⚑..▒#.#########.##..##....
..▒.▒...8.▒#............##.......
.'▒.▒'...▒▒#..########..###..░...
▒▒...▒▒▒▒▒.#........##..##.░░.░░░
...⌠........#.#####.##..#.░░.♣.░░
▒▒...▒▒▒▒▒..#.# #.##...░░░░.░.░
.'▒.▒'...▒▒.#<#####.##...░.░.░.░.
..▒.▒...8.▒....8@...##..░.⌠.░░░.⌠
..▒.▒..⚑..▒.#.#W##..##<..░.░.░.░.
8.▒.▒.8.8.▒.#.#.##K.##...░░░░.░.░
.▒▒.▒▒...▒▒.#.#.##Y.##..#.░░.♣)░░
▒▒...▒▒▒▒▒..#.#$##..##..##.░░.░░░
.##.## #.#..#.##..##Y.###..░...
.##.######......)$$.$K..# ##....#
.#..............)#..##### #....#
.#.#######.......#..# #^####


You could see Breakbloom's ghost (ally target) and a friendly lightning spire
(summoned).


Message History

Breakbloom's ghost is lightly damaged.
Breakbloom's ghost hits you!
Unknown command.
You closely miss Breakbloom's ghost. Your squeeze misses Breakbloom's ghost.
Breakbloom's ghost hits you!!
* * * LOW HITPOINT WARNING * * *
Your lightning spire shoots out a bolt of lightning at Breakbloom's ghost!
The bolt of electricity hits Breakbloom's ghost!
Breakbloom's ghost hits your lightning spire!
Unknown command.
Okay, then.
You feel very mighty all of a sudden. Breakbloom's ghost barely misses you.
You hit Breakbloom's ghost.
Breakbloom's ghost is lightly damaged.
Your lightning spire shoots out a bolt of lightning at Breakbloom's ghost!
The bolt of electricity hits Breakbloom's ghost.
Breakbloom's ghost hits you!
* * * LOW HITPOINT WARNING * * *
Your lightning spire shoots out a bolt of lightning at Breakbloom's ghost!
The bolt of electricity hits Breakbloom's ghost!
You barely miss Breakbloom's ghost.
Breakbloom's ghost is moderately damaged.
Breakbloom's ghost hits you!
* * * LOW HITPOINT WARNING * * *
Your lightning spire shoots out a bolt of lightning at Breakbloom's ghost!
The bolt of electricity hits Breakbloom's ghost.
Breakbloom's ghost hits you!!
You die...
Your body crumbles into a pile of gold.

Skill      XL: |  1  2  3  4  5  6  7  8  9 10 |
---------------+-------------------------------+-----
Fighting       | 3 4 5 6 7 |  7.0
Spellcasting   | 3 5 |  5.0
Dodging        | 2 |  2.0
Summonings     | 3 6 7 |  7.9
Ice Magic      | 1 |  1.0
Air Magic      | 3 4 |  4.0
Shapeshifting  | 4 5 |  5.5
Unarmed Combat | 1 3 |  3.0
Short Blades   | |  2.0
Throwing       | |  2.0
Stealth        | |  5.3

Action                     |  1- 3 |  4- 6 |  7- 9 | 10-12 || total
---------------------------+-------+-------+-------+-------++-------
  Melee: Dagger            |    77 |    27 |       |       ||   104
         Constrict         |    20 |    15 |    37 |     6 ||    78
         Tentacles         |    11 |    14 |    34 |     3 ||    62
         Punch             |     1 |       |     2 |       ||     3
         Mace              |       |    41 |   178 |    17 ||   236
   Cast: Summon Ice Beast  |       |       |     8 |     5 ||    13
         Summon Lightning  |       |       |     4 |     5 ||     9
    Use: Scroll            |       |     5 |     2 |       ||     7
         Potion            |       |       |     2 |     2 ||     4
   Stab: Sleeping          |    13 |    12 |     9 |       ||    34
         Distracted        |       |     1 |     1 |       ||     2
 Armour: Skin              |    30 |    24 |   126 |    21 ||   201
  Dodge: Dodged            |    47 |    27 |   135 |    15 ||   224

Levels and vault maps discovered:
D:1:      ncdulo_wetmaze, layout_loops_ring
D:2:      layout_loops_ring, serial_shops, nicolae_shop_rolling_square, shop,
          nicolae_shop_waterfront, nicolae_shop_peninsula,
          ebering_ecumenical_altar_sacrificial, minmay_cupped
D:3:      layout_loops_cross
D:4:      layout_basic, grunt_temple_overflow_open, eino_tiny_chamber,
          grunt_ministairs_12, uniq_eustachio
D:5:      minmay_angry_zag, layout_gridville, temple_green,
          hangedman_decor_riveting, kennysheep_potato
D:6:      layout_cave_pools, serial_rivers, chequers_serial_rivers_micro_c,
          chequers_serial_rivers_large_b, chequers_serial_rivers_micro_a,
          chequers_serial_rivers_small_b, chequers_serial_rivers_small_3
D:7:      layout_basic
D:8:      layout_loops_ring, grunt_temple_overflow_cloverleaf,
          gammafunk_ghost_nasty_kobolds, nicolae_transmutations_shop,
          grunt_decor_mini_mirrors, minivault_24, uniq_joseph
Temple:   hellmonk_temple_of_storms

Notes
Turn   | Place    | Note
-------+----------+-------------------------------------------
     0 | D:1      | Frankenspoon the Octopode Brigand began the quest for the
                  | Orb.
     0 | D:1      | Reached XP level 1. HP: 14/14 MP: 1/1
    86 | D:1      | Reached XP level 2. HP: 12/20 MP: 2/2
   274 | D:1      | Reached skill level 3 in Fighting
   531 | D:1      | You fall into a shaft and drop 1 floor!
   553 | D:2      | Found Othud's Assorted Antiques.
   595 | D:2      | Found Mufecrecesm's Weapon Boutique.
   625 | D:2      | Reached XP level 3. HP: 16/26 MP: 3/3
   673 | D:2      | Found Nunofuv's Assorted Antiques.
   705 | D:2      | Identified the +7 mace "Vuiwkum" {elec, Int+2}
   820 | D:2      | Reached skill level 4 in Fighting
  1283 | D:2      | Found Ximomag's Distillery.
  1298 | D:2      | Reached XP level 4. HP: 33/33 MP: 4/4
  1340 | D:2      | Found a faded altar of an unknown god.
  1894 | D:3      | Got the Spellbook of Anthracomancy and Compounds
  2330 | D:3      | Reached skill level 5 in Fighting
  2394 | D:3      | Reached XP level 5. HP: 39/39 MP: 5/5
  2526 | D:4      | Identified a potion of resistance
  2547 | D:4      | Reached skill level 1 in Spellcasting
  2585 | D:4      | Noticed Eustachio
  2594 | D:4      | Killed Eustachio
  2595 | D:4      | Reached skill level 3 in Spellcasting
  2595 | D:4      | Reached skill level 2 in Dodging
  2595 | D:4      | Reached XP level 6. HP: 32/45 MP: 5/10
  2672 | D:4      | Found a sacrificial altar of Ru.
  2676 | D:4      | Found a radiant altar of Vehumet.
  3047 | D:4      | Reached skill level 6 in Fighting
  3047 | D:4      | Reached XP level 7. HP: 26/52 MP: 4/11
  3527 | D:5      | Entered Level 5 of the Dungeon
  3547 | D:5      | Learned a level 3 spell: Summon Ice Beast
  3628 | D:5      | Reached skill level 1 in Summonings
  3628 | D:5      | Reached skill level 1 in Ice Magic
  3880 | D:5      | Found a staircase to the Ecumenical Temple.
  3887 | D:5      | Reached skill level 2 in Summonings
  3920 | Temple   | Entered the Ecumenical Temple
  3935 | Temple   | Became a worshipper of Gozag Ym Sagoz the Greedy
  3998 | D:5      | Reached skill level 7 in Fighting
  4065 | D:5      | Reached skill level 3 in Summonings
  4065 | D:5      | Reached XP level 8. HP: 52/60 MP: 9/12
  4210 | D:5      | Reached skill level 4 in Summonings
  4292 | D:5      | HP: 6/60 [poisoned by a scorpion]
  4297 | D:5      | HP: 2/60 [poisoned by a scorpion]
  5119 | D:6      | Reached skill level 4 in Spellcasting
  5119 | D:6      | Reached skill level 5 in Summonings
  5440 | D:6      | Reached skill level 5 in Spellcasting
  5681 | D:6      | Reached skill level 6 in Summonings
  5686 | D:6      | Learned a level 4 spell: Summon Lightning Spire
  5790 | D:6      | Reached XP level 9. HP: 64/64 MP: 16/16
  5936 | D:6      | Reached skill level 1 in Air Magic
  6017 | D:7      | HP: 5/64 [orc/+0 short sword (2)]
  6293 | D:7      | Reached skill level 2 in Air Magic
  6682 | D:7      | Reached skill level 7 in Summonings
  6682 | D:7      | Reached skill level 3 in Air Magic
  6934 | D:7      | Reached skill level 1 in Shapeshifting
  7019 | D:7      | Noticed a troll
  7034 | D:7      | Killed a troll
  7035 | D:7      | Reached skill level 3 in Shapeshifting
  7688 | D:8      | Reached skill level 4 in Shapeshifting
  8075 | D:8      | Found Raniqamm's Changing Room.
  8089 | D:8      | Bought a flux talisman for 325 gold pieces
  8249 | D:8      | Reached skill level 1 in Unarmed Combat
  8658 | D:8      | Reached XP level 10. HP: 64/71 MP: 11/17
  8735 | D:8      | Noticed Breakbloom's ghost (novice VSFi)
  8736 | D:8      | Found a runed translucent gate.
  8736 | D:8      | Found a runed translucent gate.
  8736 | D:8      | Found a runed translucent gate.
  8747 | D:8      | Noticed Joseph
  8764 | D:8      | Killed Joseph
  8765 | D:8      | Reached skill level 2 in Unarmed Combat
  8765 | D:8      | Reached skill level 4 in Air Magic
  8765 | D:8      | Reached skill level 5 in Shapeshifting
  8936 | D:8      | Found a glowing golden altar of the Shining One.
  8936 | D:8      | Found a bloodstained altar of Trog.
  8936 | D:8      | Found a shimmering altar of Xom.
  8936 | D:8      | Found a burning altar of Makhleb.
  9117 | D:8      | HP: 6/71 [kobold brigand/+0 short sword of chaos (4)]
  9126 | D:8      | HP: 7/71 [poisoned by a kobold brigand]
  9748 | D:8      | Reached skill level 3 in Unarmed Combat
  9775 | D:8      | HP: 7/71 [Breakbloom's ghost (15)]
  9775 | D:8      | Mangled by Breakbloom's ghost

Vanquished Creatures
  Joseph (D:8)
  Eustachio (D:4)
  2 water moccasins
  3 ice beasts
  3 orc warriors
  A sky beast (D:8)
  A centaur (D:8)
  2 ogres
  4 phantoms
  A nameless horror (D:7)
  3 bullfrogs
  2 scorpions
  2 wights (D:8)
  2 bombardier beetles (D:5)
  5 hounds
  2 orc priests
  3 iguanas
  2 sleepcaps
  8 orc wizards
  2 gnolls (D:8)
  10 adders
  3 white imps
  5 ufetubi
  3 dart slugs
  3 ribbon worms
  30 orcs
  3 endoplasms
  5 giant cockroaches
  5 hobgoblins
  8 jackals
  5 quokkas
  11 ball pythons
  7 bats
  5 frilled lizards
  4 goblins
  4 kobolds
  A rat (D:1)
162 creatures vanquished.

Vanquished Creatures (collateral kills)
  A troll (D:7)
  An ogre (D:7)
  8 kobold brigands (D:8)
  A wight (D:8)
  A gnoll bouda (D:8)
  2 jellies (D:7)
  2 gnolls (D:8)
  2 orcs
18 creatures vanquished.

Grand Total: 180 creatures vanquished

Table legend: (Time is in decaauts)
 A = Elapsed time spent in this place.
 B = Non-inter-level travel time spent in this place.
 C = Inter-level travel time spent in this place.
 D = Time resting spent in this place.
 E = Time spent auto-exploring this place.
 F = Levels seen in this place.
 G = Mean time per level.
                   A        B        C        D        E       F      G
               +--------+--------+--------+--------+--------+-----+--------+
         Total |   9863 |   9582 |    281 |   1722 |   6505 |   9 | 1095.9 |
       Dungeon |   9833 |   9568 |    265 |   1722 |   6505 |   8 | 1229.1 |
        Temple |     30 |     15 |     15 |      0 |      0 |   1 |   30.0 |
               +--------+--------+--------+--------+--------+-----+--------+

Top non-repeatable levels by time:
     D:7: 2236 daAuts
     D:5: 1772 daAuts
     D:8: 1574 daAuts
     D:4: 1014 daAuts
     D:2: 985 daAuts
     D:1: 821 daAuts
     D:6: 717 daAuts
     D:3: 712 daAuts
  Temple: 30 daAuts

Table legend:
 A = Non-vault XP
 B = Vault XP
 C = Vault XP percentage of total XP
 D = Non-vault monster count
 E = Vault monster count
 F = Vault count percentage of total count
                 A         B        C        D         E       F
            +---------+---------+-------+---------+---------+-------
      Total |    4053 |    1889 |  31.8 |     151 |      28 |  15.6
            +---------+---------+-------+---------+---------+-------
        D:1 |      25 |       0 |   0.0 |      16 |       0 |   0.0
        D:2 |      80 |      23 |  22.3 |      32 |       5 |  13.5
        D:3 |      52 |       0 |   0.0 |      17 |       0 |   0.0
        D:4 |     212 |     259 |  55.0 |      10 |       3 |  23.1
        D:5 |     615 |     403 |  39.6 |      20 |      11 |  35.5
        D:6 |     776 |       0 |   0.0 |      13 |       0 |   0.0
        D:7 |    1330 |       0 |   0.0 |      25 |       0 |   0.0
        D:8 |     963 |    1204 |  55.6 |      18 |       9 |  33.3
            +---------+---------+-------+---------+---------+-------
